Map: Terraform LE (Void)

Players

mirG

  • Race: Zerg Zerg
  • League: Gold

Kotek

  • Race: Zerg Zerg
  • League: Grandmaster

MoonLjth - Winner!

  • Race: Protoss Protoss
  • League: Platinum

iQuitBYE - Winner!

  • Race: Protoss Protoss
  • League: Grandmaster

VOD

Have the link to the VOD?

Description

Time

  • Played on: Oct. 2, 2015, 3:02 p.m.
  • Length: 6:41
Show
View Real Time Build Order
Export as new Build Order

mirG Zerg 

Build Orders: Pool First 

Get SALT Encoding   

  12  0:01  Drone  
  13  0:09  Drone  
  14  0:17  Overlord  
  14  0:36  Drone  
  14  0:38  Drone x2  
  17  0:47  Drone  
  18  1:05  Spawning Pool  
  17  1:14  Drone  
  17  1:16  Drone  
  19  1:25  Drone  
  19  1:28  Extractor  
  19  1:33  Drone  
  19  1:34  Hatchery  
  19  1:47  Hatchery  
  19  1:53  Zergling x2  
  19  1:54  Zergling x2  
  20  2:01  Queen  
  20  2:08  Overlord  
  22  2:26  Drone x2  
  24  2:34  Metabolic Boost  
  24  2:37  Drone  
  25  2:41  Roach Warren  
  24  2:47  Drone  
  24  2:50  Drone  
  26  2:58  Drone x2  
  28  3:04  Drone  
  29  3:06  Spine Crawler  
  29  3:09  Drone  
  29  3:15  Drone  
  29  3:27  Queen  
  31  3:34  Roach  
  33  3:42  Roach  
  33  3:47  Drone  
  35  3:54  Roach  
  36  3:59  Zergling x4  
  38  4:04  Spore Crawler  
  38  4:08  Lair  
  35  4:12  Drone  
  36  4:19  Drone x3  
  36  4:23  Drone x2  
  41  4:28  Overlord  
  41  4:30  Drone  
  41  4:42  Overlord  
  41  4:47  Queen  
  41  4:52  Drone x3, Overlord  
  45  4:54  Drone x2  
  45  4:57  Overlord  
  47  5:01  Overlord, Extractor  
  47  5:03  Extractor  
  47  5:04  Drone  
  47  5:05  Drone  
  47  5:15  Roach x3  
  47  5:20  Roach x2  
  54  5:30  Zergling x8  
  54  5:31  Zergling x2  
  57  5:36  Roach x2  
  57  5:37  Drone  
  57  5:40  Drone  
  63  5:47  Roach x2  
  63  5:48  Roach  
  69  5:50  Roach  
  69  5:52  Zergling x2  
  73  5:57  Roach  
  73  6:01  Roach x2  
  77  6:07  Roach  
  77  6:09  Roach  
  73  6:13  Roach  
  66  6:19  Roach  
Show
View Real Time Build Order
Export as new Build Order

Kotek Zerg 

Build Orders:  

Get SALT Encoding   

  12  0:01  Probe (Chrono Boost)  
  13  0:14  Pylon  
  13  0:19  Probe (Chrono Boost)  
  14  0:29  Probe (Chrono Boost)  
  15  0:38  Gateway  
  15  0:40  Probe (Chrono Boost)  
  16  0:51  Probe (Chrono Boost), Assimilator  
  17  0:59  Pylon  
  17  1:02  Probe (Chrono Boost)  
  18  1:08  Assimilator  
  18  1:12  Probe (Chrono Boost)  
  19  1:18  Pylon  
  19  1:23  Probe (Chrono Boost)  
  20  1:31  Cybernetics Core  
  20  1:34  Probe (Chrono Boost)  
  21  1:44  Probe (Chrono Boost)  
  22  1:55  Probe (Chrono Boost)  
  22  1:59  Pylon  
  23  2:11  Nexus  
  23  2:12  Adept  
  25  2:17  Warp Gate  
  25  2:25  Mothership Core (Chrono Boost)  
  27  2:41  Pylon  
  27  2:53  Robotics Facility  
  27  2:59  Probe (Chrono Boost)  
  28  3:12  Probe (Chrono Boost)  
  29  3:22  Probe (Chrono Boost)  
  29  3:24  Gateway, Probe (Chrono Boost)  
  31  3:30  Gateway  
  31  3:33  Probe (Chrono Boost)  
  32  3:35  Probe (Chrono Boost)  
  33  3:43  Probe (Chrono Boost)  
  33  3:45  Probe (Chrono Boost)  
  33  3:48  Immortal  
  39  3:54  Probe (Chrono Boost)  
  40  3:56  Probe (Chrono Boost)  
  40  4:01  Gateway  
  41  4:04  Probe (Chrono Boost)  
  40  4:16  Pylon  
  40  4:17  Probe (Chrono Boost)  
  41  4:18  Assimilator  
  41  4:20  Sentry  
  41  4:21  Sentry  
  41  4:22  Pylon  
  45  4:29  Immortal  
  50  4:39  Pylon  
  50  4:40  Probe (Chrono Boost)  
  50  4:44  Probe (Chrono Boost)  
  51  4:53  Gateway  
  51  4:55  Gateway  
  51  4:58  Gateway  
  51  4:59  Probe (Chrono Boost)  
  52  5:00  Sentry  
  52  5:03  Warp Prism  
  54  5:12  Adept  
  58  5:16  Pylon  
  58  5:31  Adept x3  
  64  5:39  Probe (Chrono Boost), Pylon  
  64  5:40  Probe (Chrono Boost)  
  64  5:41  Pylon  
  66  5:43  Observer  
  66  5:49  Probe (Chrono Boost)  
  68  5:57  Adept x3  
  68  5:58  Adept  
  68  6:03  Probe (Chrono Boost)  
  73  6:12  Adept  
  73  6:13  Adept x2  
  65  6:28  Stalker  
  65  6:29  Stalker x3  
Show
View Real Time Build Order
Export as new Build Order

MoonLjth Protoss - Winner!

Build Orders:  

Get SALT Encoding   

Show
View Real Time Build Order
Export as new Build Order

iQuitBYE Protoss - Winner!

Build Orders:  

Get SALT Encoding   

Tags
 
Add a new tag
Caveats
  • Supply blocks, unpowered buildings, or Contaminate may cause inaccurate times.
  • Supply counts are checked every 10 seconds.